 Dungeon Crawl Stone Soup version 0.28-a0-265-g048bc9fd10 (webtiles) character file.

Game seed: 10756270149743745994

73 bande the Shield-Bearer (level 4, 0/29 HPs)
             Began as a Gargoyle Fighter on Aug 28, 2021.
             Slain by Purgy (2 damage)
             ... in a sewer.
             The game lasted 00:03:51 (991 turns).

bande the Shield-Bearer (Gargoyle Fighter)           Turns: 991, Time: 00:03:51

Health: 0/29       AC: 10    Str: 19    XL:     4   Next: 27%
Magic:  4/4        EV:  7    Int:  9    God:
Gold:   42         SH:  9    Dex: 10    Spells: 3/3 levels left

rFire   . . .      SeeInvis .   a - +0 war axe
rCold   . . .      Faith    .   c - +1 kite shield
rNeg    + . .      Spirit   .   b - +0 scale mail
rPois   ∞          Reflect  .   (no helmet)
rElec   +          Harm     .   (no cloak)
rCorr   .          Rampage  .   (no gloves)
Will    .....                   (no boots)
Stlth   ..........              (no amulet)
HPRegen 0.09/turn               (no ring)
MPRegen 0.09/turn               (no ring)

@: mighty
A: sickness immunity, AC +3, negative energy resistance 1, electricity
resistance, torment resistance 1, petrification resistance
a: no special abilities


You were in a sewer.
You visited 1 branch of the dungeon, and saw 4 of its levels.
You also visited: Sewer.

You collected 42 gold pieces.

Inventory:

Hand Weapons
 a - a +0 war axe (weapon)
Armour
 b - a +0 scale mail (worn)
 c - a +1 kite shield (worn)
Scrolls
 e - a scroll of enchant weapon {unknown}
 f - a scroll of identify


   Skills:
 + Level 3.8 Fighting
 + Level 2.9 Axes
 + Level 3.6 Armour
 + Level 3.9 Shields


You had 3 spell levels left.
You didn't know any spells.
Your spell library contained the following spells:

 Spells                   Type           Power      Damage    Failure   Level
 Gell's Gravitas          Tloc           0%         N/A       100%        3
 Lesser Beckoning         Tloc           0%         N/A       100%        3
 Teleport Other           Tloc           0%         N/A       100%        3


Dungeon Overview and Level Annotations

Branches:
Dungeon (4/15)              Sewer (1/1)
 Temple: D:4-7

Altars:

Annotations:
Sewer Purgy


Innate Abilities, Weirdness & Mutations

You are immune to sickness and miasma.
Your stone body is resilient. (AC +3)
You are immune to poison.
You resist negative energy. (rN+)
You are resistant to electric shocks. (rElec)
You are resistant to unholy torment.
You are immune to petrification.


Message History

Purgy bites you but does no damage. Purgy barely misses you.
Purgy claws you but does no damage. Purgy bites you. Purgy barely misses you.
Purgy completely misses you.
You are too injured to fight recklessly!
You are too injured to fight recklessly!
You are too injured to fight recklessly!
You are too injured to fight recklessly!
You are too injured to fight recklessly!
You are too injured to fight recklessly!
You are too injured to fight recklessly!
You are too injured to fight recklessly!
You closely miss Purgy.
Purgy is moderately wounded.
Purgy bites you but does no damage. You block Purgy's attack.
Purgy claws you but does no damage.
You closely miss Purgy.
Purgy is moderately wounded.
You block Purgy's attack. Purgy claws you but does no damage.
You block Purgy's attack. Purgy bites you but does no damage.
You block Purgy's attack. Purgy claws you.
You slash Purgy!
Purgy is heavily wounded.
Purgy bites you but does no damage. You block Purgy's attack.
Purgy claws you but does no damage. Purgy bites you!
* * * LOW HITPOINT WARNING * * *
You block Purgy's attack. Purgy claws you but does no damage.
It was a potion of curing.
You feel better. Purgy bites you but does no damage.
Purgy claws you but does no damage. x2
You slash Purgy!
Purgy is severely wounded.
Purgy bites you but does no damage. You block Purgy's attack. x2
You hit Purgy.
Purgy is severely wounded.
You block Purgy's attack. Purgy barely misses you. You block Purgy's attack.
Purgy bites you!
* * * LOW HITPOINT WARNING * * *
You block Purgy's attack. Purgy claws you but does no damage.
You feel very mighty all of a sudden. Purgy bites you.
You die...

#.# #.# #.#
####### #.#
##.....## #.#
#...≈...## #.#
...≈≈≈...#######.#
∩.≈≈≈≈≈..........#
...≈≈≈...#######@#
#...≈...## #T#
##..÷÷.## #.#
####### #.#
#.....# #.......#
#.......#
#.......#
#.......#


You could see Purgy.

Vanquished Creatures
  An adder (D:3)
  A river rat (D:3)
  4 dart slugs
  4 ball pythons
  2 giant cockroaches (D:1)
  2 goblins (D:1)
  4 hobgoblins
  4 jackals (D:1)
  12 bats
  A frilled lizard (D:1)
  4 kobolds (D:1)
  6 rats
45 creatures vanquished.

Notes
Turn   | Place    | Note
-------+----------+-------------------------------------------
     0 | D:1      | bande the Gargoyle Fighter began the quest for the Orb.
     0 | D:1      | Reached XP level 1. HP: 14/14 MP: 1/1
   108 | D:1      | Reached XP level 2. HP: 19/19 MP: 2/2
   293 | D:1      | Reached XP level 3. HP: 23/23 MP: 3/3
   449 | D:1      | Found a faded altar of an unknown god.
   613 | D:2      | You fall into a shaft and drop 2 floors!
   695 | D:3      | Reached XP level 4. HP: 29/29 MP: 4/4
   711 | D:3      | Found a glowing drain.
   736 | Sewer    | Entered a sewer
   971 | Sewer    | Noticed Purgy
   991 | Sewer    | Slain by Purgy

Illustrated notes

Levels and vault maps discovered:
D:1:      amcnicky_arrival_single_pillar, layout_basic,
          hellmonk_ecumenical_altar_heavens_door, hangedman_decor_growths
D:2:      minmay_razor_zed, layout_basic, basic_altar, minmay_tetromino_t2
D:3:      layout_loops_ring, fedhas_altar_2, cheibrodos_sewer_entry_sluice
D:4:      layout_loops_cross, temple_hall, kennysheep_pointless_box, uniq_pikel,
          uniq_grinder, uniq_sigmund
Sewer:    sewer_big_baddie

Skill      XL: |  1  2 |
---------------+-------+-----
Axes           | 2 |  2.9
Fighting       | |  3.8
Armour         | |  3.6
Shields        | |  3.9

Action                   |  1- 3 |  4- 6 || total
-------------------------+-------+-------++-------
Melee: War axe           |    81 |    33 ||   114
  Use: Scroll            |     2 |       ||     2
       Potion            |       |     2 ||     2
Armor: Scale mail        |    74 |    70 ||   144
Dodge: Dodged            |    39 |    32 ||    71
Block: Kite shield       |    56 |    64 ||   120

Table legend: (Time is in decaauts)
 A = Elapsed time spent in this place.
 B = Non-inter-level travel time spent in this place.
 C = Inter-level travel time spent in this place.
 D = Time resting spent in this place.
 E = Time spent auto-exploring this place.
 F = Levels seen in this place.
 G = Mean time per level.
                   A        B        C        D        E       F      G
               +--------+--------+--------+--------+--------+-----+--------+
         Total |   1059 |   1059 |      0 |      0 |    609 |   5 |  211.8 |
       Dungeon |    792 |    792 |      0 |      0 |    398 |   4 |  198.0 |
         Sewer |    266 |    266 |      0 |      0 |    211 |   1 |  266.0 |
               +--------+--------+--------+--------+--------+-----+--------+

Top non-repeatable levels by time:
     D:1: 621 daAuts
   Sewer: 266 daAuts
     D:3: 136 daAuts
     D:2: 29 daAuts
     D:4: 4 daAuts
